MLB
TAMPA BAY RAYS @ PHILADELPHIA PHILLIES
04/16/2042
 
TOP OF THE 1ST
Tampa Bay Rays batting - Pitching for Philadelphia Phillies : RHP Juan Sánchez
Pitching: RHP Juan Sánchez
Batting: SHB Juan Longoria 0-0: Called Strike
0-1: Ball
1-1: Ball
2-1: Bunt for hit to 13S - play at first, batter OUT! 1-3
Batting: LHB Sancho Huerta 0-0: Swinging Strike
0-1: Foul Ball, location: 3FF
0-2: Ball
1-2: SOLO HOME RUN (Flyball, 8RXD, EV 104.4 MPH), Distance : 427 ft
Batting: SHB António Rodríguez 0-0: Foul Ball, location: 7LMF
0-1: Foul Ball, location: 9LSF
0-2: Ball
1-2: Ball
2-2: Ball
3-2: Fly out, F7 (Flyball, 78XD, EV 95.6 MPH)
Batting: LHB Jonathan Adams 0-0: Called Strike
0-1: Ball
1-1: Called Strike
1-2: Ball
2-2: SINGLE (Line Drive, 8LS, EV 109.4 MPH)
Batting: RHB Kurt Carpenter 0-0: Ball
1-0: Ball
2-0: Fly out, F8 (Line Drive, 8LD, EV 94.4 MPH)
Top of the 1st over - 1 run, 2 hits, 0 errors, 1 left on base; Tampa Bay 1 - Philadelphia 0
BOTTOM OF THE 1ST
Philadelphia Phillies batting - Pitching for Tampa Bay Rays : RHP Julián Martínez
Pitching: RHP Julián Martínez
Batting: RHB César Vega 0-0: Foul Ball, location: 5FF
0-1: Ground out 6-3 (Groundball, 6, EV 104.4 MPH)
Batting: RHB Jeremy Baker 0-0: Foul Ball, location: 7LDF
0-1: Ground out 5-3 (Groundball, 56, EV 84.4 MPH)
Batting: LHB Luis Gonzáles 0-0: Ball
1-0: Foul Ball, location: 2F
1-1: Called Strike
1-2: Ball
2-2: Foul Ball, location: 7LMFF
2-2: Ball
3-2: Ground out U3 (Groundball, 3, EV 86.3 MPH)
Bottom of the 1st over - 0 runs, 0 hits, 0 errors, 0 left on base; Tampa Bay 1 - Philadelphia 0
TOP OF THE 2ND
Tampa Bay Rays batting - Pitching for Philadelphia Phillies : RHP Juan Sánchez
Batting: LHB Mike O'Halloran 0-0: Called Strike
0-1: Ground out U3 (Groundball, 3, EV 90.0 MPH)
Batting: RHB Jim Thompson 0-0: Ball
1-0: Called Strike
1-1: Foul Ball, location: 2F
1-2: Foul Ball, location: 2F
1-2: Strikes out swinging
Batting: LHB Orlando Rodríguez 0-0: Called Strike
0-1: Ball
1-1: Foul Ball, location: 7LDF
1-2: Ball
2-2: Foul Ball, location: 7LMF
2-2: Foul Ball, location: 2F
2-2: SINGLE (Line Drive, 56, EV 96.3 MPH)
Batting: RHB Sergio Rodríguez 0-0: Called Strike
0-1: SINGLE (Line Drive, 4D, EV 110.6 MPH)
Orlando Rodríguez to second
Batting: SHB Juan Longoria 0-0: Called Strike
0-1: Ball
1-1: Ball
2-1: Ball
3-1: Base on Balls
Orlando Rodríguez to third
Sergio Rodríguez to second
Batting: LHB Sancho Huerta 0-0: Swinging Strike
0-1: Swinging Strike
0-2: Strikes out swinging
Top of the 2nd over - 0 runs, 2 hits, 0 errors, 3 left on base; Tampa Bay 1 - Philadelphia 0
BOTTOM OF THE 2ND
Philadelphia Phillies batting - Pitching for Tampa Bay Rays : RHP Julián Martínez
Batting: RHB Ed Jones 0-0: Called Strike
0-1: Foul Ball, location: 2F
0-2: Ball
1-2: Foul Ball, location: 2F
1-2: Foul Ball, location: 7LSF
1-2: Ground out 5-3 (Groundball, 56, EV 90.6 MPH)
Batting: LHB Jeff Dickson 0-0: Swinging Strike
0-1: Foul Ball, location: 7LSF
0-2: Strikes out swinging
Batting: RHB Raúl Jaramillo 0-0: Called Strike
0-1: Ball
1-1: Ball
2-1: Ball
3-1: Base on Balls
Batting: LHB Juan Costa 0-0: DOUBLE (Flyball, 78D, EV 98.8 MPH)
Raúl Jaramillo to third
Batting: RHB Manny Maldonado 0-0: Foul Ball, location: 3DF
0-1: Ball
1-1: Foul Ball, location: 9LDF
1-2: Strikes out swinging
Bottom of the 2nd over - 0 runs, 1 hit, 0 errors, 2 left on base; Tampa Bay 1 - Philadelphia 0
TOP OF THE 3RD
Tampa Bay Rays batting - Pitching for Philadelphia Phillies : RHP Juan Sánchez
Batting: SHB António Rodríguez 0-0: Ball
1-0: Ball
2-0: Ball
3-0: Called Strike
3-1: Foul Ball, location: 3FF
3-2: Base on Balls
Batting: LHB Jonathan Adams 0-0: Ball
1-0: Ball
2-0: Ball
3-0: Called Strike
3-1: Swinging Strike
3-2: Base on Balls
António Rodríguez to second
Batting: RHB Kurt Carpenter 0-0: Called Strike
0-1: Ball
1-1: Foul Ball, location: 2F
1-2: Fielders Choice at 2nd, 3-6 (Groundball, 34S, EV 78.8 MPH)
António Rodríguez to third
Batting: LHB Mike O'Halloran 0-0: Ball
1-0: Called Strike
Kurt Carpenter steals 2nd base
1-1: Foul Ball, location: 2F
1-2: Fly out, F7 (Line Drive, 7, EV 95.0 MPH)
Runner from 3rd tags up, SCORES, throw by LF
Batting: RHB Jim Thompson 0-0: Called Strike
0-1: Ball
1-1: Ball
2-1: SINGLE (Flyball, 4D, EV 93.8 MPH)
Kurt Carpenter to third
Runner from 3rd tries for Home, SAFE, throw by RF to home
Batting: LHB Orlando Rodríguez 0-0: Swinging Strike
0-1: Called Strike
0-2: Ball
1-2: Foul Ball, location: 2F
1-2: Strikes out swinging
Top of the 3rd over - 2 runs, 1 hit, 0 errors, 1 left on base; Tampa Bay 3 - Philadelphia 0
BOTTOM OF THE 3RD
Philadelphia Phillies batting - Pitching for Tampa Bay Rays : RHP Julián Martínez
Batting: RHB Tony Kelley 0-0: Ball
1-0: Ball
2-0: Swinging Strike
2-1: Foul Ball, location: 5FF
2-2: Strikes out swinging
Batting: RHB César Vega 0-0: Ball
1-0: Ball
2-0: Ground out 6-3 (Groundball, 6, EV 106.9 MPH)
Batting: RHB Jeremy Baker 0-0: Ball
1-0: Called Strike
1-1: Called Strike
1-2: Ball
2-2: Foul Ball, location: 5FF
2-2: Ground out 4-3 (Groundball, 34, EV 98.1 MPH)
Bottom of the 3rd over - 0 runs, 0 hits, 0 errors, 0 left on base; Tampa Bay 3 - Philadelphia 0
TOP OF THE 4TH
Tampa Bay Rays batting - Pitching for Philadelphia Phillies : RHP Juan Sánchez
Batting: RHB Sergio Rodríguez 0-0: Ground out 1-3 (Groundball, P, EV 75.6 MPH)
Batting: SHB Juan Longoria 0-0: Ball
1-0: Ball
2-0: Ball
3-0: Foul Ball, location: 7LDF
3-1: Swinging Strike
3-2: Strikes out swinging
Batting: LHB Sancho Huerta 0-0: Foul Ball, location: 2F
0-1: Swinging Strike
0-2: Ball
1-2: Foul Ball, location: 23FF
1-2: Strikes out swinging
Top of the 4th over - 0 runs, 0 hits, 0 errors, 0 left on base; Tampa Bay 3 - Philadelphia 0
BOTTOM OF THE 4TH
Philadelphia Phillies batting - Pitching for Tampa Bay Rays : RHP Julián Martínez
Batting: LHB Luis Gonzáles 0-0: Ball
1-0: Ground out U3 (Groundball, 34, EV 99.4 MPH)
Batting: RHB Ed Jones 0-0: Ball
1-0: Swinging Strike
1-1: Foul Ball, location: 7LSF
1-2: Ground out 6-3 (Groundball, 6, EV 85.6 MPH)
Batting: LHB Jeff Dickson 0-0: Ball
1-0: Ball
2-0: Ground out 4-3 (Groundball, 4S, EV 89.4 MPH)
Bottom of the 4th over - 0 runs, 0 hits, 0 errors, 0 left on base; Tampa Bay 3 - Philadelphia 0
TOP OF THE 5TH
Tampa Bay Rays batting - Pitching for Philadelphia Phillies : RHP Juan Sánchez
Batting: SHB António Rodríguez 0-0: Ball
1-0: Foul Ball, location: 9LDF
1-1: Foul Ball, location: 5SF
1-2: Ball
2-2: SOLO HOME RUN (Flyball, 9D, EV 96.9 MPH), Distance : 373 ft
Batting: LHB Jonathan Adams 0-0: Ball
1-0: SINGLE (Line Drive, 9S, EV 106.9 MPH)
Batting: RHB Kurt Carpenter 0-0: Ball
1-0: Ball
2-0: Ball
3-0: Base on Balls
Jonathan Adams to second
Batting: LHB Mike O'Halloran 0-0: Foul Ball, location: 3F
0-1: Grounds into double play, 5-4-3 (Groundball, 5, EV 88.1 MPH)
Jonathan Adams to third
Batting: RHB Jim Thompson 0-0: Ball
1-0: Ball
2-0: Fly out, F8 (Flyball, 8LS, EV 83.8 MPH)
Top of the 5th over - 1 run, 2 hits, 0 errors, 1 left on base; Tampa Bay 4 - Philadelphia 0
BOTTOM OF THE 5TH
Philadelphia Phillies batting - Pitching for Tampa Bay Rays : RHP Julián Martínez
Batting: RHB Raúl Jaramillo 0-0: Foul Ball, location: 2F
0-1: Hit by Pitch
Batting: LHB Juan Costa 0-0: Ball
1-0: Foul Ball, location: 2F
1-1: SINGLE (Groundball, 4MD, EV 105.0 MPH)
Raúl Jaramillo to second
Runner from 2nd tries for 3rd, OUT! 8-5
Juan Costa to second
Batting: RHB Manny Maldonado 0-0: Called Strike
0-1: Ball
1-1: Ball
2-1: Ground out 4-3 (Groundball, 34, EV 97.5 MPH)
Juan Costa to third
Batting: RHB Tony Kelley 0-0: Ball
1-0: Swinging Strike
1-1: Reached on error, E5 (Groundball, 5, EV 79.4 MPH)
Juan Costa scores
Batting: RHB César Vega 0-0: Ball
Tony Kelley steals 2nd, throwing error, E2
Tony Kelley to third
1-0: Called Strike
1-1: Ball
2-1: Ball
3-1: Base on Balls
Batting: RHB Jeremy Baker 0-0: Called Strike
0-1: Swinging Strike
0-2: Fielders Choice at 2nd, 5-4 (Groundball, 56, EV 103.8 MPH)
Bottom of the 5th over - 1 run, 1 hit, 2 errors, 2 left on base; Tampa Bay 4 - Philadelphia 1
TOP OF THE 6TH
Tampa Bay Rays batting - Pitching for Philadelphia Phillies : RHP Juan Sánchez
Batting: LHB Orlando Rodríguez 0-0: Ball
1-0: Ball
2-0: Foul Ball, location: 5SF
2-1: Ball
3-1: Fly out, F7 (Flyball, 7LS, EV 91.3 MPH)
Batting: RHB Sergio Rodríguez 0-0: Fly out, F9 (Flyball, 9D, EV 106.9 MPH)
Batting: SHB Juan Longoria 0-0: Ball
1-0: Ball
2-0: Foul Ball, location: 5DF
2-1: Ball
3-1: Base on Balls
Pitching: LHP Eric Doyle
Batting: LHB Sancho Huerta 0-0: Ball
1-0: Ground out U3 (Groundball, 3L, EV 101.3 MPH)
Top of the 6th over - 0 runs, 0 hits, 0 errors, 1 left on base; Tampa Bay 4 - Philadelphia 1
BOTTOM OF THE 6TH
Philadelphia Phillies batting - Pitching for Tampa Bay Rays : RHP Julián Martínez
Batting: LHB Luis Gonzáles 0-0: Ball
1-0: Fly out, F9 (Flyball, 9LM, EV 91.9 MPH)
Batting: RHB Ed Jones 0-0: Ball
1-0: Foul Ball, location: 25F
1-1: Ball
2-1: Ball
3-1: Ground out 6-3 (Groundball, 6, EV 105.6 MPH)
Batting: LHB Jeff Dickson 0-0: Ball
1-0: Ball
2-0: Foul Ball, location: 25F
2-1: Ball
3-1: Ground out 4-3 (Groundball, 4, EV 77.5 MPH)
Bottom of the 6th over - 0 runs, 0 hits, 0 errors, 0 left on base; Tampa Bay 4 - Philadelphia 1
TOP OF THE 7TH
Tampa Bay Rays batting - Pitching for Philadelphia Phillies : LHP Eric Doyle
Batting: SHB António Rodríguez 0-0: Foul Ball, location: 2F
0-1: Ball
1-1: Ball
2-1: Ball
3-1: Foul Ball, location: 2F
3-2: Base on Balls
Batting: LHB Jonathan Adams 0-0: 2-RUN HOME RUN (Flyball, 78XD, EV 108.8 MPH), Distance : 411 ft
Batting: RHB Kurt Carpenter 0-0: Ball
1-0: Called Strike
1-1: Swinging Strike
1-2: Ball
2-2: Strikes out looking
Batting: LHB Mike O'Halloran 0-0: Foul Ball, location: 2F
0-1: Called Strike
0-2: Strikes out swinging
Batting: RHB Jim Thompson 0-0: Foul Ball, location: 3SF
0-1: Ball
1-1: Foul Ball, location: 5F
1-2: Ball
2-2: Strikes out swinging
Top of the 7th over - 2 runs, 1 hit, 0 errors, 0 left on base; Tampa Bay 6 - Philadelphia 1
BOTTOM OF THE 7TH
Philadelphia Phillies batting - Pitching for Tampa Bay Rays : RHP Julián Martínez
Batting: RHB Raúl Jaramillo 0-0: Ball
1-0: Fly out, F7 (Flyball, 78S, EV 89.4 MPH)
Batting: LHB Juan Costa 0-0: Ball
1-0: SINGLE (Line Drive, 4D, EV 95.0 MPH)
Batting: RHB Manny Maldonado 0-0: Grounds into double play, 5-4-3 (Groundball, 56, EV 88.1 MPH)
Bottom of the 7th over - 0 runs, 1 hit, 0 errors, 0 left on base; Tampa Bay 6 - Philadelphia 1
TOP OF THE 8TH
Tampa Bay Rays batting - Pitching for Philadelphia Phillies : LHP Eric Doyle
Batting: LHB Orlando Rodríguez 0-0: Ground out 5-3 (Groundball, 56, EV 83.8 MPH)
Batting: RHB Sergio Rodríguez 0-0: Foul Ball, location: 2F
0-1: Ball
1-1: Called Strike
1-2: Strikes out looking
Batting: SHB Juan Longoria 0-0: Ball
1-0: Ball
2-0: Ground out 6-3 (Groundball, 6, EV 101.3 MPH)
Top of the 8th over - 0 runs, 0 hits, 0 errors, 0 left on base; Tampa Bay 6 - Philadelphia 1
BOTTOM OF THE 8TH
Philadelphia Phillies batting - Pitching for Tampa Bay Rays : RHP Julián Martínez
Batting: RHB Tony Kelley 0-0: Ball
1-0: Ball
2-0: Ball
3-0: Called Strike
3-1: Foul Ball, location: 7LMF
3-2: SINGLE (Line Drive, 7S, EV 96.3 MPH)
Batting: RHB César Vega 0-0: Ball
1-0: Grounds into double play, 5-4-3 (Groundball, 5, EV 110.0 MPH)
Batting: RHB Jeremy Baker 0-0: Called Strike
0-1: Ball
1-1: Fly out, F8 (Line Drive, 8RM, EV 95.6 MPH)
Bottom of the 8th over - 0 runs, 1 hit, 0 errors, 0 left on base; Tampa Bay 6 - Philadelphia 1
TOP OF THE 9TH
Tampa Bay Rays batting - Pitching for Philadelphia Phillies : LHP Eric Doyle
Batting: LHB Sancho Huerta 0-0: Ball
1-0: Ball
2-0: Ball
3-0: Called Strike
3-1: Foul Ball, location: 23F
3-2: Foul Ball, location: 2F
3-2: Fly out, F8 (Flyball, 8LM, EV 97.5 MPH)
Batting: SHB António Rodríguez 0-0: Ball
1-0: Ball
2-0: Ball
3-0: Base on Balls
Pitching: LHP Pancho Flores
Batting: LHB Jonathan Adams 0-0: Ball
1-0: Called Strike
1-1: Called Strike
1-2: Fly out, F4 (Line Drive, 4, EV 69.4 MPH)
Batting: RHB Kurt Carpenter 0-0: Ball
1-0: Ball
2-0: Foul Ball, location: 5SF
2-1: Foul Ball, location: 5F
2-2: Ball
3-2: Ground out 4-3 (Groundball, 13, EV 86.9 MPH)
Top of the 9th over - 0 runs, 0 hits, 0 errors, 1 left on base; Tampa Bay 6 - Philadelphia 1
BOTTOM OF THE 9TH
Philadelphia Phillies batting - Pitching for Tampa Bay Rays : RHP Julián Martínez
Batting: LHB Luis Gonzáles 0-0: Ground out 4-3 (Groundball, 4S, EV 95.0 MPH)
Batting: RHB Ed Jones 0-0: Ball
1-0: Ground out 6-3 (Groundball, 6MD, EV 85.6 MPH)
Batting: LHB Jeff Dickson 0-0: Foul Ball, location: 23FF
0-1: Ball
1-1: Ball
2-1: Swinging Strike
2-2: SINGLE (Line Drive, 9S, EV 85.6 MPH)
Batting: RHB Raúl Jaramillo 0-0: Ball
1-0: Fielders Choice at 2nd, 6-4 (Groundball, 6, EV 85.6 MPH)
Bottom of the 9th over - 0 runs, 1 hit, 0 errors, 1 left on base; Tampa Bay 6 - Philadelphia 1
Friday, May 3rd , 2024 - OOTP Baseball 24.10 Build 82